 Dungeon Crawl Stone Soup version 0.28.0 (webtiles) character file.

Game seed: 11617186094325701911

14 hikkokomori the Shield-Bearer (level 2, 14/24 HPs)
             Began as a Formicid Fighter on Feb 16, 2022.
             Was a Follower of Yredelemnul.
             Quit the game on level 1 of the Dungeon.
             The game lasted 00:00:38 (168 turns).

hikkokomori the Shield-Bearer (Formicid Fighter)     Turns: 168, Time: 00:00:39

Health: 14/24      AC:  6    Str: 20    XL:     2   Next: 55%
Magic:  2/2        EV:  9    Int:  7    God:    Yredelemnul [*.....]
Gold:   18         SH:  4    Dex: 10    Spells: 1/1 levels left

rFire   . . .      SeeInvis +   a - +0 war axe
rCold   . . .      Faith    .   c - +0 buckler
rNeg    . . .      Spirit   .   b - +0 scale mail
rPois   .          Reflect  .   (helmet unavailable)
rElec   .          Harm     .   (no cloak)
rCorr   .          Rampage  .   (no gloves)
Will    .....                   (no boots)
Stlth   ..........              (no amulet)
HPRegen 0.08/turn               (no ring)
MPRegen 0.08/turn               (no ring)

@: no status effects
A: permanent stasis, dig shafts and tunnels, antennae 3, four strong arms
a: Dig, Shaft Self, Renounce Religion, Recall Undead Harvest


You were on level 1 of the Dungeon.
You worshipped Yredelemnul.
Yredelemnul was noncommittal.
You visited 1 branch of the dungeon, and saw 1 of its levels.

You collected 18 gold pieces.

Inventory:

Hand Weapons
 a - a +0 war axe (weapon)
Armour
 b - a +0 scale mail (worn)
 c - a +0 buckler (worn)
Scrolls
 e - 3 scrolls of immolation {unknown}
Potions
 d - a potion of might
 f - a potion of invisibility {unknown}


   Skills:
 + Level 3.5 Fighting
 + Level 2.2 Axes
 + Level 3.5 Armour
 + Level 3.9 Shields


You had one spell level left.
You didn't know any spells.
Your spell library was empty.

Dungeon Overview and Level Annotations

Branches:
Dungeon (1/15)

Altars:
Yredelemnul


Innate Abilities, Weirdness & Mutations

You cannot be hasted, slowed, berserked, paralysed or teleported.
You can dig through walls and to a lower floor.
You have a pair of large antennae on your head. (SInv)
Your four strong arms can wield two-handed weapons with a shield.


Message History

The quokka bites you but does no damage.
You block the jackal's attack. The quokka completely misses you.
Unknown command.
Unknown command.
You barely miss the quokka. You closely miss the jackal.
The jackal bites you but does no damage.
You block the quokka's attack.
The jackal bites you but does no damage.
The quokka bites you but does no damage.
You slash the quokka!
You kill the quokka!
You closely miss the jackal. The jackal bites you.
You block the jackal's attack.
Unknown command.
You barely miss the jackal.
The jackal bites you but does no damage.
The jackal barely misses you.
You closely miss the jackal. The jackal closely misses you.
The jackal barely misses you.
Unknown command.
You hit the jackal.
The jackal is moderately wounded.
The jackal bites you but does no damage.
The jackal closely misses you.
You closely miss the jackal.
The jackal is moderately wounded.
You block the jackal's attack. The jackal bites you.
You barely miss the jackal.
The jackal is moderately wounded.
The jackal bites you. x2
You slash the jackal!
You kill the jackal!
No target in view!
No target in view!
There is a faded altar of an unknown god here.
You cannot tell which god this altar belongs to.
Convert to them anyway?
Yredelemnul accepts your prayer! Yredelemnul welcomes you!
You can now reap souls.
You can now recall your undead harvest.
Are you sure you want to abandon this character and quit the game? (Confirm with "yes".)

..#.# #.#.#
#.#.# #...#
#...#######
##..........
#⌠..........
#.Z.........
#Z.@........
.......Z........
...##⌠.⌠Z⌠......
.. ##.###......
#. ###### .. ###


You could see 2 friendly bat zombies, a friendly ball python zombie and a
friendly adder zombie.

Vanquished Creatures
  A dart slug (D:1)
  3 bats (D:1)
  2 jackals (D:1)
  2 quokkas (D:1)
  A frilled lizard (D:1)
  A rat (D:1)
10 creatures vanquished.

Notes
Turn   | Place    | Note
-------+----------+-------------------------------------------
     0 | D:1      | hikkokomori the Formicid Fighter began the quest for the
                  | Orb.
     0 | D:1      | Reached XP level 1. HP: 18/18 MP: 1/1
    83 | D:1      | Reached XP level 2. HP: 21/24 MP: 2/2
   146 | D:1      | Found a faded altar of an unknown god.
   167 | D:1      | Prayed at the altar of an unknown god.
   167 | D:1      | Became a worshipper of Yredelemnul the Dark
   167 | D:1      | Reached * piety under Yredelemnul
   168 | D:1      | Quit the game

Illustrated notes

Levels and vault maps discovered:
D:1:      dpeg_arrival_concentric_ovals, layout_rooms,
          hellmonk_ecumenical_altar_run_dry

Action                   || total
-------------------------++-------
Melee: War axe           ||    32
Armor: Scale mail        ||    31
Dodge: Dodged            ||    15
Block: Buckler           ||    16
